 Dungeon Crawl Stone Soup version 0.20-a0-672-gd6c3c51 (webtiles) character file.

45 crossborder the Skirmisher (level 3, 0/33 HPs)
             Began as a Draconian Fighter on Feb 17, 2017.
             Hit by a goblin thrown by Robin (2 damage)
             ... on level 2 of the Dungeon.
             The game lasted 00:02:19 (1197 turns).

crossborder the Skirmisher (Draconian Fighter)      Turns: 1197, Time: 00:02:19

Health: 0/33       AC:  6    Str: 23    XL:     3   Next: 42%
Magic:  3/3        EV: 10    Int:  8    God:
Gold:   39         SH:  9    Dex: 11    Spells: 2/2 levels left

rFire    . . .     SeeInvis .   a - +0 long sword
rCold    . . .     Gourm    .   (armour unavailable)
rNeg     . . .     Faith    .   b - +0 shield
rPois    .         Spirit   .   (helmet restricted)
rElec    .         Reflect  .   m - +0 cloak
rCorr    .         Harm     .   (no gloves)
MR       .....                  (no boots)
Stlth    +.........             (no amulet)
Regen    0.2/turn               (no ring)
MPRegen  0.1/turn               (no ring)

@: mighty
A: unfitting armour, cold-blooded, AC +5
a: no special abilities


You were on level 2 of the Dungeon.
You were very hungry.

You visited 1 branch of the dungeon, and saw 2 of its levels.

You collected 39 gold pieces.

Inventory:

Hand Weapons
 a - a +0 long sword (weapon)
Armour
 b - a +0 shield (worn)
 m - a +0 cloak (worn)
Jewellery
 l - an uncursed ring of protection from cold {unknown}
Scrolls
 f - a scroll of remove curse {unknown}
 h - a scroll of immolation {unknown}
 i - 2 scrolls of identify {unknown}
Potions
 c - a potion of might
 e - a potion of mutation {unknown}
 g - a potion of flight {unknown}
 k - 2 potions of haste {unknown}
Comestibles
 d - 3 bread rations
 j - 3 royal jellies


   Skills:
 + Level 3.8 Fighting
 + Level 2.4 Long Blades
 + Level 3.1 Dodging
 + Level 3.4 Shields


You had 2 spell levels left.
You didn't know any spells.

Dungeon Overview and Level Annotations

Branches:
Dungeon (2/15)

Altars:

Annotations:
D:2 Robin


Innate Abilities, Weirdness & Mutations

Your plain brown scales are hard. (AC +5)
You cannot fit into any form of body armour.
You are cold-blooded and may be slowed by cold attacks.


Message History

You feel very mighty all of a sudden. You block the hobgoblin's attack.
You barely miss the hobgoblin.
The hobgoblin hits you but does no damage.
You block the hobgoblin's attack.
You closely miss the hobgoblin. The goblin hits you with a club.
The hobgoblin hits you with a club.
* * * LOW HITPOINT WARNING * * *
You slice the hobgoblin!!
You kill the hobgoblin!
The goblin hits you with a club.
* * * LOW HITPOINT WARNING * * *
You hit the hobgoblin.
Your tail-slap misses the hobgoblin.
The hobgoblin is almost dead.
You block the goblin's attack. The hobgoblin hits you with a club.
* * * LOW HITPOINT WARNING * * *
The goblin no longer looks unusually strong.
The goblin misses you. Robin throws the goblin at you!
You die...

###+######
#.....g@g#
#.#g####.# #.#)## .#
######..g)## .#
#........).# .#
#.##.#..........
#.###.##.#.....##.##
#...<....#........#
#####.#####..#####


You could see Robin, a hobgoblin and a goblin.

Vanquished Creatures
  An ooze (D:1)
  A dart slug (D:1)
  A leopard gecko (D:1)
  A giant cockroach (D:1)
  6 hobgoblins
  2 bats (D:1)
  A frilled lizard (D:1)
  11 goblins
  5 kobolds (D:1)
  4 rats (D:1)
33 creatures vanquished.

Vanquished Creatures (others)
  A bat (D:2)
1 creature vanquished.

Grand Total: 34 creatures vanquished

Notes
Turn   | Place    | Note
-------+----------+-------------------------------------------
     0 | D:1      | crossborder the Draconian Fighter began the quest for the Orb.
     0 | D:1      | Reached XP level 1. HP: 19/19 MP: 1/1
    61 | D:1      | Reached XP level 2. HP: 23/26 MP: 2/2
   702 | D:1      | Reached XP level 3. HP: 33/33 MP: 3/3
  1179 | D:2      | Noticed Robin
  1193 | D:2      | HP: 1/33 [hobgoblin/club[Robin] (4)]
  1197 | D:2      | Hit by a goblin thrown by Robin

Vault maps used:
D:1:      evilmike_arrival_crescent
D:2:      nicolae_qazlal_eye_of_the_storm, uniq_robin

Skill      XL: |  1  2 |
---------------+-------+-----
Dodging        | 3 |  3.1
Fighting       | |  3.8
Long Blades    | |  2.4
Shields        | |  3.4

Action                   || total
-------------------------++-------
Melee: Long sword        ||    99
       Tailslap          ||    16
  Use: Potion            ||     1
Armor: Skin              ||    27
Dodge: Dodged            ||    46
Block: Shield            ||    55
       Rpst.: Long sword ||    13
